 Dungeon Crawl Stone Soup version 0.17-a0-2093-gc772f4b (webtiles) character file.

492 derrpe the Ruffian (level 7, -2/60 (61) HPs)
             Began as a Ghoul Monk on Oct 17, 2015.
             Slain by an orc priest
             ... wielding a +0 dagger
              (3 damage)
             ... on level 7 of the Dungeon.
             The game lasted 00:05:23 (3324 turns).

derrpe the Ruffian (Ghoul Monk)                     Turns: 3324, Time: 00:05:23

HP:   -2/60 (61)    AC:  3    Str: 18    XL:     7   Next: 14%
MP:   6/6           EV: 14    Int:  7    God:
Gold: 190           SH:  0    Dex: 15    Spells: 0 memorised, 6 levels left

rFire  . . .     SeeInvis .       - Unarmed
rCold  + . .     Clarity  .     a - +0 robe
rNeg   + + +     SustAt   .     (no shield)
rPois  ∞         Gourm    .     (no helmet)
rElec  .         Spirit   .     (no cloak)
rCorr  .         Warding  .     (no gloves)
rMut   .         Stasis   .     q - +0 pair of boots
MR     .....                    (no amulet)
Stlth  ++........               A - +4 ring of dexterity
                                u - +3 ring of strength

@: rotting, not resistant to hostile enchantments, unstealthy
A: rotting body, claws 1, carnivore 3, cold resistance 1, negative energy
resistance 3, slow regeneration 1, torment resistance, unbreathing
a: no special abilities


You were on level 7 of the Dungeon.
You were not hungry.

You visited 1 branch of the dungeon, and saw 5 of its levels.

You collected 190 gold pieces.

Inventory:

Missiles
 e - 155 stones (quivered)
 l - 51 arrows
 p - 25 poisoned needles
 y - 18 bolts
Armour
 a - a +0 robe (worn)
 q - a +0 pair of boots (worn)
Jewellery
 i - an uncursed ring of ice {unknown}
 t - an uncursed ring of teleportation
 u - a +3 ring of strength (left claw)
 A - a +4 ring of dexterity (right claw)
 C - the cursed ring of Duiw {rPois rF+ rC- Str+5 Dex-3, unknown}
   (You found it on level 4 of the Dungeon)

   [ring of dexterity]

   It affects your strength (+5).
   It affects your dexterity (-3).
   It protects you from fire.
   It makes you vulnerable to cold.
   It protects you from poison.
   It has a curse placed upon it.
Scrolls
 d - 4 scrolls of remove curse
 j - 3 scrolls of identify
 m - a scroll of amnesia {unknown}
 o - a scroll of enchant armour {unknown}
Potions
 c - a potion of ambrosia
 g - a potion of lignification
 h - 3 potions of haste {unknown}
 k - 2 potions of heal wounds {unknown}
 n - a potion of curing {unknown}
 s - a potion of cancellation {unknown}
 v - a potion of resistance {unknown}
 x - a potion of mutation {unknown}
 z - a potion of cure mutation {unknown}
 B - a potion of poison {unknown}
 D - a potion of magic {unknown}
Comestibles
 b - 2 meat rations {@e2}
 r - a beef jerky


   Skills:
 + Level 5.5 Fighting
 + Level 4.2 Dodging
 - Level 2.1 Stealth
 * Level 6.9 Unarmed Combat


You had 6 spell levels left.
You didn't know any spells.

Dungeon Overview and Level Annotations

Branches:
Dungeon (7/15)
 Temple: D:4-7

Altars:
Ru
Sif Muna
Yredelemnul
Zin


Innate Abilities, Weirdness & Mutations

Your body is rotting away.
You thrive on raw meat.
You are immune to poison.
You have sharp fingernails.
You are carnivorous and can eat meat at any time.
Your flesh is cold resistant.
You are immune to negative energy.
You regenerate slowly when monsters are visible.
You are immune to unholy pain and torment.
You can survive without breathing.


Message History

There is an escape hatch in the floor here.
Drink which item? (? for menu, Esc to quit)
It was a potion of lignification.
You feel woody for a moment.
You scratch the orc priest.
The orc priest is lightly wounded.
The orc priest mumbles some strange prayers to Beogh against you.
Something smites you!
* * * LOW HITPOINT WARNING * * *
The orc priest hits you with a dagger.
* * * LOW HITPOINT WARNING * * *
You scratch the orc priest.
The orc priest is moderately wounded.
The orc priest hits you but does no damage. x2
Unknown command.
You claw the orc priest!
The orc priest is severely wounded.
You claw the orc priest!
The orc priest is almost dead.
The orc priest hits you with a dagger.
You die...

##### #$..#
$####...#######.
.......ooso(((.(
.###..@###.....
#...# ... #..##
. ##. #. #. ##


You could see 3 orc priests and a giant cockroach.

Vanquished Creatures
  2 ogres (D:4)
  The ghost of derrpe the Poker, an amateur MfSk (D:3)
  An orc priest (D:7)
  2 hounds
  6 adders
  A shadow imp (D:3)
  2 oozes
  3 worms (D:2)
  3 giant geckos
  3 orcs
  A ball python (D:2)
  7 giant cockroaches
  3 hobgoblins
  3 quokkas
  12 bats
  2 giant newts (D:2)
  6 goblins
  3 jackals (D:3)
  8 kobolds
  10 rats
79 creatures vanquished.

Notes
Turn   | Place    | Note
--------------------------------------------------------------
     0 | D:1      | derrpe the Ghoul Monk began the quest for the Orb.
     0 | D:1      | Reached XP level 1. HP: 19/19 MP: 0/0
   166 | D:1      | Reached XP level 2. HP: 26/26 MP: 1/1
   646 | D:2      | Reached XP level 3. HP: 23/33 MP: 2/2
   650 | D:2      | Found a basalt altar of Yredelemnul.
   775 | D:2      | Reached skill level 5 in Unarmed Combat
   894 | D:2      | Found a glowing silver altar of Zin.
  1012 | D:2      | Reached XP level 4. HP: 36/40 MP: 3/3
  1255 | D:2      | Found a sacrificial altar of Ru.
  1854 | D:3      | Reached XP level 5. HP: 46/46 MP: 4/4
  2044 | D:3      | Noticed derrpe's ghost (amateur MfSk)
  2060 | D:3      | Killed derrpe's ghost
  2066 | D:3      | Reached skill level 6 in Unarmed Combat
  2125 | D:3      | Reached XP level 6. HP: 30/55 MP: 5/5
  2213 | D:3      | Found a deep blue altar of Sif Muna.
  2714 | D:4      | Reached skill level 5 in Fighting
  3116 | D:4      | Got an ancient tin ring
  3290 | D:4      | You fall through a shaft for 3 floors!
  3295 | D:7      | Reached XP level 7. HP: 53/60 MP: 6/6
  3321 | D:7      | HP: 1/60 [orc priest/dagger (4)]
  3324 | D:7      | Slain by an orc priest

Vault maps used:
D:1:      tarquinn_simple_flora_water_a
D:2:      lemuel_coloured_pillars_altar, lemuel_round_altar,
          yredelemnul_altar_generic, minmay_misc_feat_encased,
          serial_bayou_pond_b, minivault_4
D:3:      nicolae_overflow_crystal_walls, hangedman_decor_diamond_cutter,
          minmay_misc_feat_cross
D:4:      kennysheep_mini_moat
D:7:      grunt_temple_overflow_cloverleaf, lemuel_doored_altar

Action                   |  1- 3 |  4- 6 |  7- 9 || total
-------------------------+-------+-------+-------++-------
Melee: Unarmed           |    96 |   135 |    18 ||   249
Throw: Stone             |    40 |   142 |     9 ||   191
       Tomahawk          |       |    11 |       ||    11
  Use: Scroll            |       |     5 |       ||     5
       Potion            |       |       |     1 ||     1
 Stab: Sleeping          |       |     1 |       ||     1
  Eat: Chunk             |     7 |    17 |       ||    24
